AoeStats
← DarkPaladinX

Fortress

509567595Analyzed
4v4 RM · 3d ago on Sep 27, 2026· 37m 58s· 8 players
Game mode
Random Map
Map size
Huge
Population
200
Speed
Normal
Resources
Standard
Victory
Conquest
Starting age
Dark Age
Ending age
Imperial Age
RankedLock teamsTeams togetherTeam positionsShared explorationLock speedFull tech treeHidden civsTurbo modeCheats
Victory
Defeat
🇩🇪 Khmer · Germany
1634
+12
🇨🇳 Britons · China
1584
+14
🇸🇮 Italians · Slovenia
1573
+15
🇺🇸 Goths · United States
1513
+18
🇹🇼 Dravidians · Taiwan
1581
-16
🇨🇳 Magyars · China
1561
-15
🇭🇰 Ethiopians · Hong Kong SAR China
1536
-14
🇹🇼 Persians · Taiwan
1523
-14
onon02122
7:26 Feudal Age
8:08 Double-Bit Axe
8:32 Horse Collar
11:17 Castle Age
12:20 Bow Saw
12:35 Heavy Plow
13:35 Loom
17:24 Wheelbarrow
17:38 Gold Mining
19:25 Gold Shaft Mining
22:59 Imperial Age
21:30 Ballistics
20:52 Crossbowman
21:38 Thumb Ring
21:42 Loom
22:26 Fletching
22:56 Padded Archer Armor
23:30 Bodkin Arrow
24:41 Chemistry
23:31 Town Watch
23:15 Arbalester
24:59 Bracer
26:27 Hand Cart
26:57 Conscription
26:31 Elite Skirmisher
27:21 Town Patrol
28:18 Siege Engineers
30:23 Torsion Engines
咖啡冷靜啲
7:35 Feudal Age
8:46 Horse Collar
11:36 Castle Age
9:33 Double-Bit Axe
12:40 Bow Saw
12:33 Heavy Plow
13:15 Wheelbarrow
17:43 Hand Cart
18:18 Loom
24:51 Imperial Age
22:54 Fletching
23:45 Bodkin Arrow
24:24 Padded Archer Armor
25:05 Medical Corps
24:44 Elite Skirmisher
25:50 Ballistics
25:37 Bracer
27:03 Thumb Ring
28:01 Chemistry
27:49 Leather Archer Armor
28:29 Conscription
33:15 Ring Archer Armor
33:12 Caravan
33:36 Town Watch
35:56 Masonry
36:28 Elite Elephant Archer
白色风车
7:38 Feudal Age
11:16 Castle Age
9:04 Double-Bit Axe
9:27 Horse Collar
13:21 Bow Saw
20:09 Wheelbarrow
19:36 Town Watch
20:56 Gold Mining
25:47 Imperial Age
24:18 Fletching
24:29 Padded Archer Armor
24:50 Ballistics
25:12 Scale Barding Armor
26:35 Chain Barding Armor
27:08 Gold Shaft Mining
26:23 Stone Mining
28:00 Two-Man Saw
26:26 Cavalier
27:08 Husbandry
27:19 Bloodlines
27:32 Conscription
27:00 Loom
27:48 Paladin
29:39 Plate Barding Armor
30:53 Light Cavalry
33:44 Bodkin Arrow
34:22 Caravan
34:18 Hussar
37:44 Heavy Plow
yclin124
7:26 Feudal Age
11:05 Castle Age
9:06 Double-Bit Axe
10:05 Horse Collar
10:16 Gold Mining
16:47 Bow Saw
17:47 Heavy Plow
18:23 Gold Shaft Mining
17:41 Stone Mining
18:31 Gold Shaft Mining
21:37 Wheelbarrow
22:47 Loom
25:38 Imperial Age
22:54 Loom
24:06 Hand Cart
23:37 Town Watch
24:30 Scale Barding Armor
24:37 Forging
25:32 Chain Barding Armor
25:31 Bloodlines
25:22 Husbandry
25:17 Cavalier
28:02 Plate Barding Armor
27:36 Savar
28:56 Iron Casting
29:43 Caravan
30:53 Light Cavalry
32:59 Blast Furnace
32:33 Hussar
33:27 Fletching
33:48 Capped Ram
36:31 Siege Ram
DarkPaladinX
7:30 Feudal Age
11:12 Castle Age
9:10 Double-Bit Axe
9:33 Horse Collar
13:52 Bow Saw
18:17 Heavy Plow
21:38 Loom
22:30 Wheelbarrow
25:59 Imperial Age
23:51 Squires
23:11 Man-at-Arms
23:53 Scale Mail Armor
24:30 Anarchy
25:00 Hand Cart
25:15 Gold Mining
26:04 Elite Huskarl
27:18 Chain Mail Armor
27:43 Forging
27:40 Pikeman
28:20 Halberdier
30:15 Iron Casting
29:43 Stone Mining
32:32 Blast Furnace
31:36 Town Watch
32:33 Perfusion
32:53 Conscription
33:15 Town Patrol
33:38 Caravan
35:29 Two-Man Saw
35:50 Crop Rotation
A spoon full of love
6:56 Feudal Age
10:30 Castle Age
8:17 Double-Bit Axe
8:29 Horse Collar
11:24 Heavy Plow
11:35 Bow Saw
15:50 Gold Mining
18:36 Wheelbarrow
17:46 Loom
17:47 Town Watch
20:01 Stone Mining
23:17 Imperial Age
21:18 Fletching
22:04 Padded Archer Armor
22:52 Bodkin Arrow
23:31 Ballistics
24:09 Leather Archer Armor
23:58 Bracer
26:27 Conscription
26:16 Elite Genoese Crossbowman
29:09 Chemistry
31:16 Silk Road
31:36 Leather Archer Armor
34:08 Stone Shaft Mining
34:24 Crop Rotation
34:03 Scale Mail Armor
34:39 Caravan
37:47 Chain Mail Armor
37:42 Forging
38:31 Ring Archer Armor
aaa
7:35 Feudal Age
11:16 Castle Age
9:27 Double-Bit Axe
10:02 Horse Collar
12:40 Bow Saw
17:29 Loom
18:27 Wheelbarrow
18:16 Gold Mining
19:11 Fletching
20:53 Town Watch
21:23 Hand Cart
24:51 Imperial Age
23:25 Gold Shaft Mining
22:40 Stone Mining
23:36 Bodkin Arrow
24:39 Ballistics
25:34 Bracer
25:57 Conscription
26:59 Chemistry
26:11 Fortified Wall
26:12 Masonry
25:43 Treadmill Crane
27:17 Padded Archer Armor
28:21 Leather Archer Armor
28:17 Elite Longbowman
30:06 Yeomen
30:45 Ring Archer Armor
30:29 Caravan
31:09 Hoardings
30:46 Guard Tower
31:27 Architecture
33:03 Siege Engineers
34:13 Keep
35:25 Arrowslits
35:36 Murder Holes
36:46 Guilds
Pummeluff
7:44 Feudal Age
10:42 Castle Age
8:29 Double-Bit Axe
8:47 Horse Collar
11:54 Bow Saw
11:59 Heavy Plow
15:55 Wheelbarrow
15:45 Stone Mining
17:18 Hand Cart
18:04 Gold Mining
20:52 Gold Shaft Mining
21:08 Stone Shaft Mining
22:47 Scale Barding Armor
22:53 Forging
25:35 Imperial Age
22:51 Town Watch
24:07 Loom
23:46 Light Cavalry
24:26 Husbandry
24:55 Bloodlines
25:30 Chain Barding Armor
26:19 Iron Casting
26:52 Plate Barding Armor
27:38 Iron Casting
26:57 Hussar
27:58 Siege Engineers
30:44 Blast Furnace
31:04 Crop Rotation
31:00 Fletching
31:34 Ballistics
31:58 Conscription
32:13 Bodkin Arrow
33:34 Chemistry
32:54 Bracer
32:54 Pikeman
33:36 Scale Mail Armor
33:26 Halberdier
34:31 Chain Mail Armor
36:31 Masonry
37:00 Hoardings
36:42 Arson
37:42 Architecture
37:23 Fortified Wall
Connection lost

Rejoining the realm…

Still unreachable

The connection could not be restored.

Session expired

The server has moved on; the page needs a fresh start.